 Dungeon Crawl Stone Soup version 0.29.1-12-g30fa7ad0bf (webtiles) character file.

Game seed: 7597765540375447175

72 growler the Magician (level 4, -4/30 HPs)
             Began as a Demonspawn Hedge Wizard on Dec 30, 2022.
             Slain by Terence
             ... wielding a +0 hand axe
              (8 damage)
             ... on level 2 of the Dungeon.
             The game lasted 00:07:29 (2037 turns).

growler the Magician (Demonspawn Hedge Wizard)      Turns: 2037, Time: 00:07:30

Health: -4/30      AC:  2    Str: 11    XL:     4   Next: 7%
Magic:  0/9        EV: 12    Int: 17    God:
Gold:   105        SH:  0    Dex: 12    Spells: 5/10 levels left

rFire   . . .      SeeInvis .   a - +0 dagger
rCold   . . .      Faith    .   (no shield)
rNeg    . . .      Spirit   .   b - +0 robe
rPois   .          Reflect  .   c - +0 hat
rElec   .          Harm     .   (no cloak)
rCorr   .          Rampage  .   (no gloves)
Will    .....                   (no boots)
Stlth   ++........              (no amulet)
HPRegen 0.10/turn               (no ring)
MPRegen 0.11/turn               (no ring)

@: brilliant, very slightly contaminated
A: hooves 1, spiny 1
a: no special abilities


You were on level 2 of the Dungeon.
You visited 1 branch of the dungeon, and saw 4 of its levels.

You collected 105 gold pieces.

Inventory:

Hand Weapons
 a - a +0 dagger (weapon)
Armour
 b - a +0 robe (worn)
 c - a +0 hat (worn)
Jewellery
 m - a ring of protection from cold
Scrolls
 h - 2 scrolls of identify {unknown}
 i - a scroll of fear {unknown}
 j - a scroll of immolation {unknown}
 k - a scroll of vulnerability {unknown}
 n - a scroll of silence {unknown}
 o - a scroll of brand weapon {unknown}
Potions
 d - a potion of magic
 e - a potion of mutation {unknown}
 f - a potion of heal wounds {unknown}
 g - a potion of brilliance
 l - a potion of haste {unknown}
 p - a potion of degeneration {unknown}


   Skills:
 - Level 1.7 Dodging
 - Level 1.7 Stealth
 + Level 3.9 Spellcasting
 + Level 2.8 Conjurations
 - Level 1.0 Summonings
 - Level 0.8 Translocations


You had 5 spell levels left.
You knew the following spells:

 Your Spells              Type           Power      Damage    Failure   Level
a - Magic Dart            Conj           76%        1d6       4%          1
b - Blink                 Tloc           18%        N/A       17%         2
c - Call Imp              Summ           10%        N/A       16%         2

Your spell library contained the following spells:

 Spells                   Type           Power      Damage    Failure   Level
 Slow                     Hex            20%        N/A       16%         1
 Conjure Flame            Conj/Fire      12%        6-21      26%         3
 Call Canine Familiar     Summ           10%        N/A       30%         3
 Mephitic Cloud           Conj/Pois/Air  9%         N/A       32%         3
 Portal Projectile        Hex/Tloc       14%        N/A       36%         3
 Leda's Liquefaction      Hex/Erth       2%         N/A       85%         4
 Chain Lightning          Conj/Air       6%         3d8       100%        9
 Fire Storm               Conj/Fire      6%         8d2       100%        9
 Shatter                  Erth           2%         3d6*      100%        9


Dungeon Overview and Level Annotations

Branches:
Dungeon (4/15)
 Temple: D:4-7

Altars:

Shops:
D:2 =

Annotations:
D:2 Terence


Innate Abilities, Weirdness & Mutations

You have large cloven feet.
You are partially covered in sharp spines.


Message History

Terence attacks as you move away! Terence closely misses you.
Terence attacks as you move away! Terence hits you with a +0 hand axe.
Terence attacks as you move away! Terence is struck by your spines.
Terence hits you with a +0 hand axe.
Terence says, "Don't bother to defend, it's pointless."
Terence attacks as you move away! Terence is struck by your spines.
Terence hits you but does no damage.
Casting: Magic Dart (safe; 4% risk of failure)
Confirm with . or Enter, or press ? or * to list all spells.
You miscast Blink.
You are very lightly contaminated with residual magic.
Nothing appears to happen.
Terence hits you with a +0 hand axe.
Unknown command.
Terence attacks as you move away! Terence hits you with a +0 hand axe.
* * * LOW HITPOINT WARNING * * *
Terence asks, "Do you want it fast or slow?"
You aren't carrying any items that you can evoke.
Okay, then.
Terence attacks as you move away! Terence hits you with a +0 hand axe.
* * * LOW HITPOINT WARNING * * *
Unknown command.
It was a potion of brilliance.
You feel clever all of a sudden. Terence closely misses you.
Casting: Blink (safe; 17% risk of failure)
Confirm with . or Enter, or press ? or * to list all spells.
You feel a surge of power!
You miscast Blink.
Nothing appears to happen.
Terence completely misses you.
Okay, then.
You aren't carrying any items that you can evoke.
Casting: Blink (safe; 17% risk of failure)
Confirm with . or Enter, or press ? or * to list all spells.
Aiming: Magic Dart (safe; 4% risk of failure)
Press: ? - help, Shift-Dir - straight line, f/p - Terence
Aim: Terence, wielding a +0 hand axe and wearing a +0 scale mail (almost dead, 100% to hit)
You feel a surge of power!
The magic dart hits Terence but does no damage.
Terence is almost dead.
Terence hits you with a +0 hand axe!
You die...

.....####...###...#######
........'...'.#.#...>...#
.....####[..#..∩..##.##.#
.....# #######.###..##w#
###### #[.##.###.#
##....###.# ##.#.....#
##..#.##### ###.@##.#
#####..@###.#
####.......# #.#
#....###.#.###.#
#.######.#.).#.# #.#
#....###.#.# #.# #.####
#...# #####.# #.####
##### #.....# #....#


You could see Terence.

Vanquished Creatures
  A jelly (D:2)
  A worm (D:2)
  A dart slug (D:2)
  5 ball pythons
  5 endoplasms
  A giant cockroach (D:1)
  5 goblins
  4 hobgoblins
  2 quokkas (D:1)
  A bat (D:1)
  3 frilled lizards
  4 kobolds (D:2)
33 creatures vanquished.

Notes
Turn   | Place    | Note
-------+----------+-------------------------------------------
     0 | D:1      | growler the Demonspawn Hedge Wizard began the quest for the
                  | Orb.
     0 | D:1      | Reached XP level 1. HP: 13/13 MP: 4/4
   250 | D:1      | Discovered your monstrous ancestry.
   250 | D:1      | Gained mutation: You have large cloven feet. [demonic
                  | ancestry]
   250 | D:1      | Reached XP level 2. HP: 19/19 MP: 1/6
   911 | D:2      | You fall into a shaft and drop 2 floors!
  1060 | D:2      | Found Uhann's Jewellery Emporium.
  1291 | D:3      | Learned a level 2 spell: Blink
  1294 | D:3      | Learned a level 2 spell: Call Imp
  1379 | D:2      | Reached XP level 3. HP: 24/24 MP: 4/8
  1633 | D:2      | Found a faded altar of an unknown god.
  1871 | D:2      | Gained mutation: You are partially covered in sharp spines.
                  | [demonic ancestry]
  1871 | D:2      | Reached XP level 4. HP: 30/30 MP: 1/9
  1999 | D:2      | Noticed Terence
  2037 | D:2      | Slain by Terence

Illustrated notes

Levels and vault maps discovered:
D:1:      wander_arrival_chamber, layout_rooms
D:2:      layout_basic, serial_shops, nicolae_shop_crystal,
          basic_ecumenical_altar, uniq_terence
D:3:      layout_basic, minmay_strange_pillars, minmay_pentomino_pile
D:4:      layout_basic, lemuel_coloured_pillars_altar, jmf_multi_god_temple2,
          amethyst_overflow_temple_binary, grunt_ministairs_1, minivault_5,
          dk_noncrumbling_3

Skill      XL: |  1  2 |
---------------+-------+-----
Conjurations   | 2 |  2.8
Dodging        | |  1.7
Stealth        | |  1.7
Spellcasting   | |  3.9
Summonings     | |  1.0
Translocations | |  0.8

Action                   |  1- 3 |  4- 6 || total
-------------------------+-------+-------++-------
Melee: Dagger            |     8 |       ||     8
       Kick              |     1 |       ||     1
 Cast: Magic Dart        |    98 |    11 ||   109
       Call Imp          |     1 |       ||     1
  Use: Potion            |       |     1 ||     1
 Stab: Sleeping          |     1 |       ||     1
Armor: Robe              |     2 |     1 ||     3
Dodge: Dodged            |     9 |     7 ||    16
